 Dungeon Crawl Stone Soup version 0.21-a0-125-gb006224 (webtiles) character file.

58 Gorglomux the Covered (level 4, -2/37 HPs)
             Began as a Hill Orc Wanderer on July 14, 2017.
             Killed from afar by Natasha (8 damage)
             ... with a magic dart
             ... on level 2 of the Dungeon.
             The game lasted 00:05:24 (1568 turns).

Gorglomux the Covered (Hill Orc Wanderer)           Turns: 1568, Time: 00:05:25

Health: -2/37      AC:  9    Str: 17    XL:     4   Next: 1%
Magic:  4/4        EV:  7    Int: 11    God:
Gold:   106        SH:  0    Dex:  9    Spells: 3/3 levels left

rFire    . . .     SeeInvis .   b - +0 hand axe
rCold    . . .     Gourm    .   (no shield)
rNeg     . . .     Faith    .   V - +0 chain mail (curse)
rPois    .         Spirit   .   (no helmet)
rElec    .         Reflect  .   (no cloak)
rCorr    .         Harm     .   (no gloves)
MR       .....                  (no boots)
Stlth    ..........             (no amulet)
HPRegen  0.12/turn              (no ring)
MPRegen  0.09/turn              (no ring)

@: no status effects
A: no striking features
a: no special abilities


You were on level 2 of the Dungeon.
You were not hungry.

You visited 1 branch of the dungeon, and saw 2 of its levels.

You collected 106 gold pieces.

Inventory:

Hand Weapons
 b - a +0 hand axe (weapon)
Armour
 V - a cursed +0 chain mail (worn)
 Z - a +0 plate armour
Scrolls
 T - 3 scrolls of teleportation
 W - 2 scrolls of identify {unknown}
 Y - a scroll of random uselessness {unknown}
Potions
 Q - a potion of curing
 R - a potion of might {unknown}
 S - a potion of berserk rage {unknown}
 U - a potion of haste {unknown}
Comestibles
 f - a bread ration
 X - 6 chunks of flesh


   Skills:
 + Level 2.9 Fighting
   Level 2.1 Long Blades
 + Level 2.1(2.3) Axes
   Level 1.1(1.5) Maces & Flails
 - Level 4.0 Armour
 - Level 1.0 Dodging
 - Level 1.0 Stealth
   Level 1.1 Shields


You had 3 spell levels left.
You didn't know any spells.

Dungeon Overview and Level Annotations

Branches:
Dungeon (2/15)

Altars:

Annotations:
D:2 Natasha


Message History

Natasha is severely wounded.
Natasha closely misses you.
You miss Natasha.
Natasha is severely wounded.
Natasha stares at you and mumbles some strange words.
The magic dart hits you!
* * * LOW HITPOINT WARNING * * *
Natasha wildly gestures.
You feel troubled. Natasha claws you but does no damage.
You hit Natasha but do no damage.
Natasha is severely wounded.
Natasha claws you.
* * * LOW HITPOINT WARNING * * *
Unknown command.
You barely miss Natasha.
Natasha is severely wounded.
Natasha stares at you and mumbles some strange words.
The magic dart hits you!
You die...

#.######.#######+##
#...............
########........
##.##.###.
#.........
######.##.###.
##.............
........######.
##+####@## #.
.......h.#
#..########
.........#
#..........
.........#
#....)...#
.........#
#.######.#
.........# #.#
.........# #.#
.........# #.#
.....5...# #.#


You could see Natasha.

Vanquished Creatures
  An adder (D:2)
  An ooze (D:2)
  A worm (D:2)
  2 dart slugs (D:1)
  4 leopard geckos
  2 bats (D:1)
  A giant cockroach (D:1)
  7 goblins
  4 hobgoblins
  3 frilled lizards (D:1)
  2 kobolds
  5 rats (D:1)
33 creatures vanquished.

Notes
Turn   | Place    | Note
-------+----------+-------------------------------------------
     0 | D:1      | Gorglomux the Hill Orc Wanderer began the quest for the Orb.
     0 | D:1      | Gorglomux set off with: a +2 falchion, a +0 hand axe, a +0 robe, a bread ration, a potion of curing
     0 | D:1      | Reached XP level 1. HP: 16/16 MP: 1/1
    99 | D:1      | Reached skill level 1 in Axes
   312 | D:1      | Reached XP level 2. HP: 6/23 MP: 2/2
   904 | D:1      | Reached XP level 3. HP: 29/29 MP: 3/3
  1181 | D:2      | Found a faded altar of an unknown god.
  1400 | D:2      | Reached skill level 4 in Armour
  1522 | D:2      | Reached XP level 4. HP: 36/37 MP: 4/4
  1549 | D:2      | Noticed Natasha
  1568 | D:2      | Killed from afar by Natasha

Vault maps used:
D:1:      minmay_arrival_wavy_path
D:2:      chequers_ecumenical_altar_twisty, uniq_natasha,
          uniq_crazy_yiuf_cottage

Skill      XL: |  1  2  3 |
---------------+----------+-----
Axes           | 1 2 |  2.1
Fighting       | 2 |  2.9
Armour         | 4 |  4.0
Long Blades    | |  2.1
Maces & Flails | |  1.1
Dodging        | |  1.0
Stealth        | |  1.0
Shields        | |  1.1

Action                   |  1- 3 |  4- 6 || total
-------------------------+-------+-------++-------
Melee: Hand axe          |   144 |    12 ||   156
  Use: Scroll            |     1 |       ||     1
  Eat: Chunk             |     2 |       ||     2
Armor: Robe              |    15 |       ||    15
       Chain mail        |    28 |     7 ||    35
       Plate armour      |    14 |       ||    14
       Leather armour    |     4 |       ||     4
Dodge: Dodged            |    71 |     3 ||    74
